 Dungeon Crawl Stone Soup version 0.28-a0-804-g60983d4ba9 (webtiles) character file.

Game seed: 11958346856493398050

278 Megalobster the Cleaver (level 6, 0/51 HPs)
             Began as a Minotaur Berserker on Nov 6, 2021.
             Was a Believer of Trog.
             Slain by a gnoll (8 damage)
             ... on level 4 of the Dungeon on Nov 7, 2021.
             The game lasted 00:03:25 (1381 turns).

Megalobster the Cleaver (Minotaur Berserker)        Turns: 1381, Time: 00:03:25

Health: 0/51       AC:  3    Str: 24    XL:     6   Next: 5%
Magic:  5/5        EV: 11    Int:  4    God:    Trog [**....]
Gold:   43         SH:  0    Dex:  9    Spells: 5/5 levels left

rFire   . . .      SeeInvis .   a - +0 hand axe
rCold   . . .      Faith    .   (no shield)
rNeg    . . .      Spirit   .   j - +0 leather armour
rPois   .          Reflect  .   (helmet restricted)
rElec   .          Harm     .   (no cloak)
rCorr   .          Rampage  .   (no gloves)
Will    .....                   (no boots)
Stlth   +.........              (no amulet)
HPRegen 0.17/turn               (no ring)
MPRegen 0.09/turn               (no ring)

@: mighty, on berserk cooldown, flying, slowed, very slow
A: horns 2, retaliatory headbutt
a: Renounce Religion, Berserk, Trog's Hand


You were on level 4 of the Dungeon.
You worshipped Trog.
Trog was pleased with you.
You visited 1 branch of the dungeon, and saw 3 of its levels.

You collected 43 gold pieces.

Inventory:

Hand Weapons
 a - a +0 hand axe (weapon)
 g - a +1 antimagic whip
Missiles
 f - 17 stones (quivered)
Armour
 b - a +0 animal skin
 d - a +0 chain mail
 j - a +0 leather armour (worn)
Wands
 n - a wand of flame (8)
Scrolls
 c - a scroll of noise {unknown}
 i - 3 scrolls of identify {unknown}
 k - a scroll of enchant weapon {unknown}
 l - a scroll of magic mapping {unknown}
 m - a scroll of amnesia {unknown}


   Skills:
 - Level 3.6 Fighting
 * Level 8.2 Axes
 - Level 2.4 Armour
 - Level 2.1 Dodging


You had 5 spell levels left.
You didn't know any spells.
Your spell library was empty.

Dungeon Overview and Level Annotations

Branches:
Dungeon (2/15)

Altars:


Innate Abilities, Weirdness & Mutations

You have a pair of horns on your head.
You reflexively headbutt those who attack you in melee.


Message History

You are exhausted.
You feel yourself slow down. The kobold misses you.
The gnoll hits you from afar with a +0 spear.
You now have 21/39 hp.
You hit Sigmund.
Sigmund is lightly wounded.
You hit the kobold.
You kill the kobold!
Trog accepts your kill. Sigmund hits you with a +0 scythe!
* * * LOW HITPOINT WARNING * * *
The gnoll barely misses you.
You take 11 damage, and have 10/39 hp.
MASSIVE DAMAGE!!
It was a potion of might.
You feel very mighty all of a sudden.
The gnoll hits you from afar with a +0 spear.
* * * LOW HITPOINT WARNING * * *
Sigmund closely misses you. The gnoll misses you.
You take 5 damage, and have 5/39 hp.
It was a potion of flight.
You feel very buoyant.
You fly up into the air.
Sigmund closely misses you. You furiously retaliate!
You headbutt Sigmund! The gnoll closely misses you.
Okay, then.
You slash Sigmund!
You kill Sigmund!
Trog accepts your kill.
Trog appreciates your killing of a magic user.
The gnoll hits you but does no damage. The gnoll barely misses you.
Your Axes skill gained 2 levels and is now at level 8!
You have reached level 5!
You have reached level 6!
Your experience leads to an increase in your attributes!
Increase (S)trength, (I)ntelligence, or (D)exterity?
You feel stronger.
You regained 2 hp, and now have 8/51 hp.
MP restored: 5 The gnoll hits you with a +0 spear!
You die...

... .......
...### .)..... .
...#.##....... ..
#............
.!.#............
.................
#.......g..#.....
##...#@........
.#...)...##....#
.........).#...#
#.....##).....#
###....##....###
..............#
##...........###
##.###...##.# ##
#.### ##


You could see a gnoll.

Vanquished Creatures
  Sigmund (D:4)
  A wyvern skeleton (D:4)
  3 gnolls
  2 adders (D:2)
  A worm (D:2)
  2 bats (D:1)
  3 endoplasms
  A giant cockroach (D:2)
  3 goblins (D:1)
  4 hobgoblins
  3 quokkas (D:1)
  A ball python (D:1)
  2 kobolds
27 creatures vanquished.

Notes
Turn   | Place    | Note
-------+----------+-------------------------------------------
     0 | D:1      | Megalobster the Minotaur Berserker began the quest for the
                  | Orb.
     0 | D:1      | Reached XP level 1. HP: 19/19 MP: 0/0
     0 | D:1      | Upgraded the game from 0.28-a0-794-gafe8c5f9e9 to
                  | 0.28-a0-804-g60983d4ba9
   228 | D:1      | Reached skill level 4 in Axes
   435 | D:1      | Reached XP level 2. HP: 24/26 MP: 1/1
   759 | D:1      | Reached skill level 5 in Axes
   799 | D:1      | Reached XP level 3. HP: 31/31 MP: 2/2
   807 | D:1      | Found a faded altar of an unknown god.
  1362 | D:2      | You fall into a shaft and drop 2 floors!
  1370 | D:4      | Reached skill level 6 in Axes
  1370 | D:4      | Reached XP level 4. HP: 35/39 MP: 3/3
  1370 | D:4      | Noticed Sigmund
  1373 | D:4      | Reached ** piety under Trog
  1380 | D:4      | Killed Sigmund
  1381 | D:4      | Reached skill level 8 in Axes
  1381 | D:4      | Reached XP level 5. HP: 7/45 MP: 4/4
  1381 | D:4      | Reached XP level 6. HP: 8/51 MP: 5/5
  1381 | D:4      | Slain by a gnoll

Illustrated notes

Levels and vault maps discovered:
D:1:      wander_arrival_peaceful_grave, layout_rooms,
          ebering_ecumenical_altar_box, roderic_nine_men_s_morris
D:2:      layout_basic, grunt_decor_junction
D:4:      layout_cave_pools, chequers_temple_overflow_minitemple,
          kennysheep_generic_room_4, uniq_duvessa, uniq_sigmund

Skill      XL: |  1  2  3  4 |
---------------+-------------+-----
Axes           | 4 5 6 8 |  8.2
Fighting       | |  3.6
Armour         | |  2.4
Dodging        | |  2.1

Action                   |  1- 3 |  4- 6 || total
-------------------------+-------+-------++-------
Melee: Hand axe          |    61 |     4 ||    65
       Headbutt          |     7 |     1 ||     8
Invok: Berserk           |     5 |       ||     5
  Use: Potion            |       |     2 ||     2
Armor: Animal skin       |     5 |       ||     5
       Leather armour    |    10 |     1 ||    11
Dodge: Dodged            |    41 |    11 ||    52

Table legend: (Time is in decaauts)
 A = Elapsed time spent in this place.
 B = Non-inter-level travel time spent in this place.
 C = Inter-level travel time spent in this place.
 D = Time resting spent in this place.
 E = Time spent auto-exploring this place.
 F = Levels seen in this place.
 G = Mean time per level.
                   A        B        C        D        E       F      G
               +--------+--------+--------+--------+--------+-----+--------+
         Total |   1420 |   1403 |     17 |    496 |    717 |   3 |  473.3 |
       Dungeon |   1420 |   1403 |     17 |    496 |    717 |   3 |  473.3 |
               +--------+--------+--------+--------+--------+-----+--------+

Top non-repeatable levels by time:
     D:1: 1015 daAuts
     D:2: 388 daAuts
     D:4: 17 daAuts
